 Dungeon Crawl Stone Soup version 0.31-a0-240-gb923e448b6 (webtiles) character file.

Game seed: 3672029191997769309

56 qw the Shooter (level 3, -5/21 HPs)
             Began as a Gargoyle Hexslinger on July 11, 2023.
             Slain by an orc
             ... wielding a +0 mace
              (6 damage)
             ... on level 3 of the Dungeon.
             The game lasted 00:00:47 (1934 turns).

qw the Shooter (Gargoyle Hexslinger)                Turns: 1934, Time: 00:00:48

Health: -5/21      AC:  9    Str: 11    XL:     3   Next: 95%
Magic:  4/4        EV: 10    Int: 13    God:
Gold:   84         SH:  0    Dex: 14    Spells: 3/4 levels left

rFire   . . .        Y - +1 sling
rCold   . . .        (no shield)
rNeg    + . .        g - +0 ring mail
rPois   inf          (no helmet)
rElec   +            (no cloak)
rCorr   .            k - +0 pair of gloves
SInv    .            (no boots)
Will    .....        (no amulet)
Stlth   +            (no ring)
HPRegen 0.23/turn    (no ring)
MPRegen 0.09/turn

%: no passive effects
@: no status effects
A: sickness immunity, AC +3, negative energy resistance 1, electricity
resistance, torment resistance 1, petrification resistance
a: no special abilities


You were on level 3 of the Dungeon.
You visited 1 branch of the dungeon, and saw 3 of its levels.

You collected 140 gold pieces.
You spent 56 gold pieces at shops.


Innate Abilities, Weirdness & Mutations

You are immune to sickness and miasma.
Your stone body is resilient. (AC +3)
You are immune to poison.
You resist negative energy. (rN+)
You are resistant to electric shocks. (rElec)
You are resistant to unholy torment.
You are immune to petrification.


   Skills:
 - Level 2.0 Fighting
 + Level 3.5 Ranged Weapons
 - Level 1.0 Armour
 - Level 1.5 Dodging
 - Level 1.0 Spellcasting
 - Level 2.6 Hexes


You had 3 spell levels left.
You knew the following spells:

 Your Spells              Type           Power      Damage    Failure   Level
a - Slow                  Hex            28%        N/A       22%         1

Your spell library contained the following spells:

 Spells                   Type           Power      Damage    Failure   Level
 Inner Flame              Hex/Fire       4%         N/A       75%         3
 Portal Projectile        Hex/Tloc       8%         N/A       75%         3
 Cause Fear               Hex            3%         N/A       91%         4

Inventory:

Hand Weapons
 Y - a +1 sling (weapon)
Armour
 g - a +0 ring mail (worn)
 k - a +0 pair of gloves (worn)
Jewellery
 a - a ring of positive energy
Scrolls
 b - a scroll of enchant armour {unknown}
 f - a scroll of identify
Potions
 d - a potion of berserk rage {unknown}
 e - a potion of haste {unknown}
 h - a potion of enlightenment

Dungeon Overview and Level Annotations

Branches:
Dungeon (3/15)

Altars:
Ashenzari
Fedhas
Hepliaklqana
Qazlal

Shops:
D:1 =   D:2 ?

Annotations:
D:3 2 transporters, qw's ghost, weakling GrHs


Message History

The orc shouts!
You hear a shout!
Enter note:
Enter note:
Enter note:
Enter note: You shoot a sling bullet.
The sling bullet closely misses the orc.
The orc closely misses you. x2
You shoot a sling bullet.
The sling bullet hits the orc but does no damage.
The orc hits you but does no damage.
You shoot a sling bullet. The sling bullet barely misses the orc.
The orc hits you but does no damage.
You shoot a sling bullet. The sling bullet hits the orc.
The orc is moderately wounded.
The orc hits you but does no damage. x3
You shoot a sling bullet.
The sling bullet hits the orc but does no damage.
The orc is moderately wounded.
The orc hits you but does no damage. The orc misses you.
You shoot a sling bullet. The sling bullet barely misses the orc.
The orc hits you with a +0 mace. The orc hits you with a +0 dagger.
You shoot a sling bullet.
The sling bullet closely misses the orc.
The orc hits you but does no damage. The orc closely misses you.
The orc barely misses you. The orc hits you with a +0 dagger.
You shoot a sling bullet. The sling bullet hits the orc.
The orc is almost dead.
The orc misses you. The orc hits you with a +0 mace!
You shoot a sling bullet.
The sling bullet hits the orc but does no damage.
The orc is almost dead.
The orc hits you but does no damage. The orc hits you with a +0 mace.
You shoot a sling bullet. The sling bullet hits the orc.
You kill the orc!
The orc completely misses you. The orc hits you but does no damage.
You shoot a sling bullet. The sling bullet hits the orc.
The orc is heavily wounded.
The orc hits you with a +0 mace.
You die...

....#####.#.... ....
.....#....#.### #..#
.###.##.....# #..#
#..###.#.### #..#
....ooo###....
#..######.###o##.###
#.........# #.##.###
#.#.)...# ##+##....
#.#@###.# ##...#####
#...o.#.###.....##
###.#.#.##.......##
##......#.........##
##.......'.........+.
#........#.........##
#.##.....##.......##
#<###...####.....##
#.# ##### ##...##


You could see an orc.

Vanquished Creatures
  A dart slug (D:1)
  2 orcs (D:3)
  A ball python (D:2)
  2 endoplasms (D:1)
  4 giant cockroaches
  6 goblins
  4 hobgoblins
  8 kobolds
  2 quokkas
  8 bats
  4 frilled lizards
  3 rats
45 creatures vanquished.

Notes
Turn   | Place    | Note
-------+----------+-------------------------------------------
     0 | D:1      | qw the Gargoyle Hexslinger began the quest for the Orb.
     0 | D:1      | Reached XP level 1. HP: 12/12 MP: 2/2
     0 | D:1      | 0 ||| qw: Version: 0.3-a-52-g30416fa
     0 | D:1      | 0 ||| qw: Game counter: 6044
     0 | D:1      | 0 ||| qw: Melee chars always use a shield: true
     0 | D:1      | 0 ||| qw: God list: Okawaru
     0 | D:1      | 0 ||| qw: Allow faded altars: false
     0 | D:1      | 0 ||| qw: Do Orc after clearing Dungeon:15 true
     0 | D:1      | 0 ||| qw: Do second Lair branch before Depths: true
     0 | D:1      | 0 ||| qw: Lair rune preference: random
     0 | D:1      | 0 ||| qw: Goals: Normal
     0 | D:1      | 0 ||| PLANNING D:1-11
    88 | D:1      | Found Dofemyol's Jewellery Boutique.
    91 | D:1      | 91 ||| SHOPLISTING amulet of reflection (300 gold, have
                  | 18).
    91 | D:1      | 91 ||| SHOPLISTING ring of resist corrosion (200 gold, have
                  | 18).
   127 | D:1      | Reached XP level 2. HP: 16/16 MP: 3/3
   239 | D:1      | Reached skill level 3 in Ranged Weapons
   317 | D:1      | 317 ||| UPGRADING to +0 ring mail.
   323 | D:1      | Reached XP level 3. HP: 16/21 MP: 4/4
   344 | D:1      | 344 ||| UPGRADING to +0 robe.
   349 | D:1      | 349 ||| UPGRADING to +0 ring mail.
   359 | D:1      | 359 ||| DROPPING +0 robe.
   506 | D:1      | 506 ||| UPGRADING to +0 pair of gloves.
   821 | D:1      | 821 ||| READING 2 scrolls labelled VUEMOA PIACOE.
   824 | D:1      | 824 ||| READING scroll labelled SISORA CARGHOGAG.
   825 | D:1      | 825 ||| READING scroll labelled DAFOIK JIMN.
   826 | D:1      | 826 ||| READING 3 scrolls labelled PUHOQO BE QIEXT.
   827 | D:1      | 827 ||| READING scroll labelled JEBE YTSEASEFUGH.
   828 | D:1      | 828 ||| DRINKING 2 fuming yellow potions.
   829 | D:1      | 829 ||| DROPPING scroll of poison.
   830 | D:1      | 830 ||| DROPPING 2 scrolls of vulnerability.
   962 | D:2      | Reached skill level 1 in Armour
  1065 | D:2      | Found a faded altar of an unknown god.
  1128 | D:2      | Found Zoacay's Magic Scroll Boutique.
  1150 | D:2      | 1150 ||| SHOPLISTING scroll of enchant weapon (105 gold,
                  | have 100).
  1150 | D:2      | 1150 ||| BUYING scroll of identify (28 gold).
  1150 | D:2      | Bought a scroll of identify for 28 gold pieces
  1150 | D:2      | 1150 ||| BUYING scroll of identify (28 gold).
  1150 | D:2      | Bought a scroll of identify for 28 gold pieces
  1212 | D:2      | 1212 ||| READING scroll labelled ALIUNE HEAT.
  1463 | D:2      | 1463 ||| DRINKING 2 purple potions.
  1485 | D:2      | 1485 ||| READING 2 scrolls of identify.
  1485 | D:2      | 1485 ||| IDENTIFYING bubbling sapphire potion
  1486 | D:2      | 1486 ||| DROPPING potion of brilliance.
  1487 | D:2      | 1487 ||| DROPPING potion of lignification.
  1535 | D:3      | Found a stormy altar of Qazlal.
  1539 | D:3      | Noticed a scorpion
  1542 | D:3      | Found a blossoming altar of Fedhas.
  1549 | D:3      | HP: 4/21 [scorpion (2)]
  1550 | D:3      | 1550 ||| READING scroll of teleportation.
  1553 | D:3      | Found a transporter.
  1560 | D:3      | Noticed qw's ghost (weakling GrHs)
  1633 | D:3      | Found a transporter.
  1808 | D:3      | Found a broken altar of Ashenzari.
  1830 | D:3      | Found a hazy altar of Hepliaklqana.
  1932 | D:3      | HP: 1/21 [orc/+0 mace (5)]
  1934 | D:3      | Slain by an orc

Levels and vault maps discovered:
D:1:      sevenhm_arrival_forest_fort_large_4, layout_basic, serial_shops,
          nicolae_shop_tiny_real_fake_doors, minmay_nonomino_d4
D:2:      layout_loops_cross, shapermc_ecumenical_altar_mp_ritualfount,
          serial_glass, glass_columns_b, glass_columns_b, due_unseen_surprise,
          feat_on_display, feat_on_display, minmay_strange_pillars,
          serial_shops, shop_fountains
D:3:      layout_loops_corners, grunt_temple_overflow_forces_of_nature,
          worldfamousw_hep_ancestral_shrine, nicolae_ashenzari_skybound,
          gammafunk_ghost_arena, kennysheep_generic_room_15

Skill      XL: |  1  2  3 |
---------------+----------+-----
Ranged Weapons | 3 |  3.5
Fighting       | 2 |  2.0
Armour         | 1 |  1.0
Dodging        | |  1.5
Spellcasting   | |  1.0
Hexes          | |  2.6

Action                     || total
---------------------------++-------
   Fire: Sling             ||   164
    Use: Scroll            ||     8
         Potion            ||     2
 Armour: Robe              ||    13
         Ring mail         ||    29
  Dodge: Dodged            ||    51

Table legend:
 A = Non-vault XP
 B = Vault XP
 C = Vault XP percentage of total XP
 D = Non-vault monster count
 E = Vault monster count
 F = Vault count percentage of total count
                 A         B        C        D         E       F
            +---------+---------+-------+---------+---------+-------
      Total |      70 |      10 |  12.5 |      40 |       5 |  11.1
            +---------+---------+-------+---------+---------+-------
        D:1 |      35 |      10 |  22.2 |      21 |       5 |  19.2
        D:2 |      24 |       0 |   0.0 |      14 |       0 |   0.0
        D:3 |      11 |       0 |   0.0 |       5 |       0 |   0.0
            +---------+---------+-------+---------+---------+-------
